Manitoba Moose vs Drummondville Voltigeurs

Created - 10 janvier 2022 at 11:52

Goals
1 2 3 T
Manitoba Moose 0 1 2 3
Drummondville Voltigeurs 1 2 1 4
Shots
1 2 3 T
Manitoba Moose 14 13 14 41
Drummondville Voltigeurs 9 10 11 30

1st period

1. Drummondville Voltigeurs , Isac Lundestrom 10 (Boris Katchouk 18, Brady Lyle 15) at 9:03 (PP)

Penalties :
Curtis McKenzie (VOL) for Cross-checking (Minor) at 6:53, Jake Walman (MOO) for Hooking (Minor) at 8:31, Bode Wilde (MOO) for Interference (Minor) at 11:11

2nd period

2. Drummondville Voltigeurs , Boris Katchouk 20 (Ville Heinola 9, Nicholas Merkley 36) at 4:26
3. Drummondville Voltigeurs , Quinton Byfield 18 (Sampo Ranta 17) at 10:39 (PP)
4. Manitoba Moose , Eetu Luostarinen 17 (Cole Sillinger 16, Jake Walman 9) at 19:35

Penalties :
Seth Helgeson (VOL) for Hooking (Minor) at 5:20, Eetu Luostarinen (MOO) for Roughing (Double Minor) at 8:26, Julien Gauthier (VOL) for Slashing (Minor) at 15:01

3rd period

5. Drummondville Voltigeurs , Quinton Byfield 19 (Mitchell Chaffee 13, Ian Scheid 4) at 2:43
6. Manitoba Moose , Eetu Luostarinen 18 (Urho Vaakanainen 20, Mikhail Grigorenko 35) at 16:57 (PP)
7. Manitoba Moose , Cole Sillinger 18 (Andreas Borgman 4) at 18:59

Penalties :
Brady Lyle (VOL) for Hooking (Minor) at 5:31, Quinton Byfield (VOL) for Holding (Minor) at 13:04, Boris Katchouk (VOL) for Hooking (Minor) at 16:51, Ville Heinola (VOL) for High sticking (Minor) at 19:45

Goalie Stats

Justus Annunen (MOO), 26 saves from 30 shots - (0,867), L, 4-4-1, 59:15 minutes
Arturs Silovs (VOL), 38 saves from 41 shots - (0,927), W, 14-6-3, 60:00 minutes

Players Stats for Manitoba Moose

Player Name              G  A  P  +/- PIM S  H  SB GA TA FO     MP     PP MP  PK MP  
------------------------------------------------------------------------------------
Andreas Borgman          0  1  1   0  0   0  0  0  0  0  0/0    11:09   0:00   2:24 
Bode Wilde               0  0  0   0  2   0  0  1  0  0  0/0     9:59   0:00   0:52 
Brian Lashoff            0  0  0   2  0   1  0  1  0  1  0/0    12:35   3:53   0:11 
Chase Pearson            0  0  0   0  0   2  0  2  0  0  7/11   12:49   0:00   1:05 
Cole Koepke              0  0  0   0  0   3  1  0  0  0  0/0    12:27   0:00   1:59 
Cole Sillinger           1  1  2   2  0   4  1  0  2  1  9/20   19:52   4:42   1:28 
Daniel Walcott           0  0  0   0  0   1  1  0  1  0  0/1    12:23   0:02   1:05 
Eetu Luostarinen         2  0  2   2  4   3  3  0  0  1  0/1    18:54   5:10   0:00 
Gerald Mayhew            0  0  0  -2  0   1  3  1  0  0  0/2    13:49   4:42   0:00 
Guillaume Brisebois      0  0  0   0  0   0  1  1  0  0  0/0    10:16   0:00   1:17 
Jake Walman              0  1  1   2  2   1  1  1  0  0  0/0    12:02   3:52   0:00 
Mikhail Grigorenko       0  1  1   2  0   4  1  0  0  1  1/1    20:32   5:10   0:51 
Ryan McLeod              0  0  0  -2  0   4  1  0  0  0  10/12  14:44   5:10   0:03 
Scott Sabourin           0  0  0   0  0   0  0  0  0  1  0/0    10:13   0:00   0:00 
Sean Malone              0  0  0   0  0   2  0  1  1  0  3/11   13:00   0:02   2:12 
Shane Gersich            0  0  0  -2  0   0  0  0  0  0  0/0    13:49   4:42   0:00 
Thomas Schemitsch        0  0  0   0  0   0  0  2  0  0  0/0    11:40   0:00   2:55 
Urho Vaakanainen         0  1  1  -2  0   6  2  2  0  0  0/0    27:03   6:01   1:07 
Victor Mete              0  0  0  -2  0   5  0  2  1  1  0/0    25:29   6:01   0:00 
Vincent Arseneau         0  0  0   0  0   4  2  1  1  0  1/1    12:28   0:02   0:03 

Players Stats for Drummondville Voltigeurs

Player Name              G  A  P  +/- PIM S  H  SB GA TA FO     MP     PP MP  PK MP  
------------------------------------------------------------------------------------
Boris Katchouk           1  1  2   1  2   3  2  1  2  0  1/12   26:31   2:17   5:30 
Brady Lyle               0  1  1   0  2   0  1  3  0  1  0/0    26:42   2:15   4:12 
Cameron York             0  0  0   0  0   0  0  0  0  1  0/0    10:31   0:04   0:17 
Curtis McKenzie          0  0  0  -2  2   0  0  1  0  0  0/1    15:56   2:01   0:18 
Gage Quinney             0  0  0  -2  0   5  1  1  1  0  11/16  19:36   1:50   3:54 
Ian Scheid               0  1  1   0  0   1  1  1  0  1  0/0    21:53   2:05   4:24 
Isac Lundestrom          1  0  1   1  0   3  1  0  0  0  11/17  21:51   2:17   5:42 
Jean-Sebastien Dea       0  0  0   0  0   2  0  0  0  0  2/8     7:11   0:00   1:42 
Julien Gauthier          0  0  0  -2  2   3  0  0  0  0  2/2    15:46   1:50   0:00 
Kristian Reichel         0  0  0   0  0   0  1  0  0  0  0/0     1:02   0:16   0:00 
Markus Niemelainen       0  0  0   0  0   2  0  0  0  2  0/0    22:06   2:08   4:34 
Mitchell Chaffee         0  1  1   1  0   0  2  0  1  0  0/0    12:07   0:00   0:00 
Nicholas Merkley         0  1  1   1  0   1  4  1  0  0  1/2    18:23   2:06   2:42 
Quinton Byfield          2  0  2   1  2   5  0  0  1  0  1/1    12:59   0:16   0:00 
Sampo Ranta              0  1  1   1  0   2  2  0  0  0  0/1    12:50   0:16   0:00 
Seth Helgeson            0  0  0   0  2   0  0  0  0  0  0/0    11:31   0:00   1:22 
Simon Holmstrom          0  0  0   0  0   1  2  0  0  1  0/0     5:22   0:00   0:00 
Ville Heinola            0  1  1   0  2   2  2  4  1  0  0/0    27:21   2:14   4:59 

3 Stars

1 - Cole Sillinger (MOO)
2 - Eetu Luostarinen (MOO)
3 - Quinton Byfield (VOL)

Power Play

Manitoba Moose - 1 on 7 Attempt(s) - 14,29%
Drummondville Voltigeurs - 2 on 4 Attempt(s) - 50,00%

Penalty Kill

Manitoba Moose - 2 on 4 Attempt(s) - 50,00% - Score 0 goal in Penalty Kill
Drummondville Voltigeurs - 6 on 7 Attempt(s) - 85,71% - Score 0 goal in Penalty Kill

Team Stat

Manitoba Moose - Hits : 17 - Faceoff Wins : 31 - Blocked Shots : 15 - Penalty Minutes : 8
Drummondville Voltigeurs - Hits : 19 - Faceoff Wins : 29 - Blocked Shots : 12 - Penalty Minutes : 14

Official

Referees : Shaun Davis and Pierre Lambert
Linesman : Tony Sericolo and Brandon Gawryletz

Game Notes

No Game Note

Finance

Level 1 -- Attendance: 1618 (80,90%) -- Ticket Income 56 630 $
Level 2 -- Attendance: 905 (90,50%) -- Ticket Income 13 575 $
Total Attendance: 2523 (84,10%)
Total Ticket Income: 70 205 $
Other Income: 34 400 $
Total Income: 104 605 $

Manitoba Moose

5 vs 5 Forward 
   Center                   Left Wing                Right Wing               Time % Phy DF OF 
 1 Cole Sillinger           Eetu Luostarinen         Mikhail Grigorenko       40     1   0  4  
 2 Ryan McLeod              Shane Gersich            Gerald Mayhew            20     1   0  4  
 3 Chase Pearson            Daniel Walcott           Vincent Arseneau         20     1   0  4  
 4 Sean Malone              Cole Koepke              Scott Sabourin           20     5   0  0  

5 vs 5 Defense 
   Defense                  Defense                                           Time % Phy DF OF 
 1 Victor Mete              Urho Vaakanainen                                  40     1   2  2  
 2 Brian Lashoff            Jake Walman                                       20     1   2  2  
 3 Thomas Schemitsch        Andreas Borgman                                   20     1   2  2  
 4 Bode Wilde               Guillaume Brisebois                               20     1   2  2  

PowerPlay Forward 
   Center                   Left Wing                Right Wing               Time % Phy DF OF 
 1 Ryan McLeod              Eetu Luostarinen         Mikhail Grigorenko       60     1   2  2  
 2 Cole Sillinger           Shane Gersich            Gerald Mayhew            40     1   2  2  

PowerPlay Defense
   Defense                  Defense                                           Time % Phy DF OF 
 1 Victor Mete              Urho Vaakanainen                                  60     1   2  2  
 2 Brian Lashoff            Jake Walman                                       40     1   2  2  

Penalty Kill 4 Players Forward 
   Center                   Wing                     Time % Phy DF OF 
 1 Sean Malone              Cole Koepke              60     1   2  2  
 2 Chase Pearson            Daniel Walcott           40     1   2  2  

Penalty Kill 4 Players Defense
   Defense                  Defense                  Time % Phy DF OF 
 1 Thomas Schemitsch        Andreas Borgman          60     1   2  2  
 2 Bode Wilde               Guillaume Brisebois      40     1   2  2  

Penalty Kill - 3 Players Forward 
   Forward                                           Time % Phy DF OF 
 1 Sean Malone                                       60     1   2  2  
 2 Chase Pearson                                     40     1   2  2  

Penalty Kill - 3 Players Defense
   Defense                  Defense                  Time % Phy DF OF 
 1 Thomas Schemitsch        Andreas Borgman          60     1   2  2  
 2 Bode Wilde               Guillaume Brisebois      40     1   2  2  

4 vs 4 Forward 
   Center                   Wing                     Time % Phy DF OF 
 1 Ryan McLeod              Vincent Arseneau         60     1   2  2  
 2 Chase Pearson            Mikhail Grigorenko       40     1   2  2  

4 vs 4 Defense
   Defense                  Defense                  Time % Phy DF OF 
 1 Victor Mete              Urho Vaakanainen         60     1   2  2  
 2 Brian Lashoff            Jake Walman              40     1   2  2  

Last Minutes Offensive
   Center                   Left Wing                Right Wing               Defense                  Defense                  
   Chase Pearson            Vincent Arseneau         Mikhail Grigorenko       Urho Vaakanainen         Victor Mete              

Last Minutes Defensive
   Center                   Left Wing                Right Wing               Defense                  Defense                  
   Ryan McLeod              Cole Koepke              Scott Sabourin           Urho Vaakanainen         Victor Mete              

Goaltenders
Starting : Justus Annunen           
Backup : Christopher Gibson       

Extra Forwards
Normal : Chase Pearson, Scott Sabourin, Cole Sillinger - PP : Cole Sillinger, Ryan McLeod - PK : Cole Sillinger
Extra Defensemen
Normal : Bode Wilde, Guillaume Brisebois, Jake Walman - PP : Thomas Schemitsch - PK : Urho Vaakanainen, Victor Mete
Penalty Shots
Gerald Mayhew, Chase Pearson, Sean Malone, Eetu Luostarinen, Cole Sillinger

Scratches
Samuel Morin (Healthy), Peter Abbandonato (Healthy), Jared McIsaac (Healthy), Miles Gendron (Healthy), Filip Larsson (Healthy)
Evan Cormier (Healthy)

Drummondville Voltigeurs

5 vs 5 Forward 
   Center                   Left Wing                Right Wing               Time % Phy DF OF 
 1 Isac Lundestrom          Boris Katchouk           Nicholas Merkley         40     1   2  2  
 2 Gage Quinney             Curtis McKenzie          Julien Gauthier          30     1   2  2  
 3 Quinton Byfield          Sampo Ranta              Mitchell Chaffee         20     1   2  2  
 4 Jean-Sebastien Dea       Boris Katchouk           Simon Holmstrom          10     1   2  2  

5 vs 5 Defense 
   Defense                  Defense                                           Time % Phy DF OF 
 1 Brady Lyle               Ville Heinola                                     40     1   2  2  
 2 Markus Niemelainen       Ian Scheid                                        30     1   2  2  
 3 Cameron York             Seth Helgeson                                     20     1   2  2  
 4 Brady Lyle               Ville Heinola                                     10     1   2  2  

PowerPlay Forward 
   Center                   Left Wing                Right Wing               Time % Phy DF OF 
 1 Isac Lundestrom          Boris Katchouk           Nicholas Merkley         60     1   2  2  
 2 Gage Quinney             Curtis McKenzie          Julien Gauthier          40     1   2  2  

PowerPlay Defense
   Defense                  Defense                                           Time % Phy DF OF 
 1 Brady Lyle               Ville Heinola                                     60     1   2  2  
 2 Markus Niemelainen       Ian Scheid                                        40     1   2  2  

Penalty Kill 4 Players Forward 
   Center                   Wing                     Time % Phy DF OF 
 1 Boris Katchouk           Isac Lundestrom          60     1   2  2  
 2 Gage Quinney             Nicholas Merkley         40     1   2  2  

Penalty Kill 4 Players Defense
   Defense                  Defense                  Time % Phy DF OF 
 1 Brady Lyle               Ville Heinola            60     1   2  2  
 2 Markus Niemelainen       Ian Scheid               40     1   2  2  

Penalty Kill - 3 Players Forward 
   Forward                                           Time % Phy DF OF 
 1 Boris Katchouk                                    60     1   2  2  
 2 Isac Lundestrom                                   40     1   2  2  

Penalty Kill - 3 Players Defense
   Defense                  Defense                  Time % Phy DF OF 
 1 Brady Lyle               Ville Heinola            60     1   2  2  
 2 Markus Niemelainen       Ian Scheid               40     1   2  2  

4 vs 4 Forward 
   Center                   Wing                     Time % Phy DF OF 
 1 Boris Katchouk           Isac Lundestrom          60     1   2  2  
 2 Gage Quinney             Nicholas Merkley         40     1   2  2  

4 vs 4 Defense
   Defense                  Defense                  Time % Phy DF OF 
 1 Brady Lyle               Ville Heinola            60     1   2  2  
 2 Markus Niemelainen       Ian Scheid               40     1   2  2  

Last Minutes Offensive
   Center                   Left Wing                Right Wing               Defense                  Defense                  
   Isac Lundestrom          Boris Katchouk           Nicholas Merkley         Brady Lyle               Ville Heinola            

Last Minutes Defensive
   Center                   Left Wing                Right Wing               Defense                  Defense                  
   Isac Lundestrom          Boris Katchouk           Nicholas Merkley         Brady Lyle               Ville Heinola            

Goaltenders
Starting : Arturs Silovs            
Backup : Matiss Kivlenieks        

Extra Forwards
Normal : Kristian Reichel, Quinton Byfield, Jean-Sebastien Dea - PP : Kristian Reichel, Quinton Byfield - PK : Jean-Sebastien Dea
Extra Defensemen
Normal : Cameron York, Seth Helgeson, Markus Niemelainen - PP : Cameron York - PK : Seth Helgeson, Markus Niemelainen
Penalty Shots
Boris Katchouk, Isac Lundestrom, Gage Quinney, Nicholas Merkley, Quinton Byfield

Scratches
Jonathan Davidsson (Healthy), Dylan Blujus (Healthy), Blade Jenkins (Healthy), Sam Miletic (Healthy), Michal Teply (Healthy)
Zach Nastasiuk (Healthy), Julius Honka (Healthy), Alex Petrovic (Suspend), Joel Messner (Healthy), Adam Wilcox (Healthy)
Michael DiPietro (Healthy), Samuel Montembeault (Healthy)

% Time on Ice - Manitoba Moose

Lines # - Real PCT - Wanted PCT - Time Play
Normal Forward
1 - 32% - 40% - 14:18
2 - 20% - 20% - 9:07
3 - 25% - 20% - 10:58
4 - 23% - 20% - 10:13
Normal Defense
1 - 42% - 40% - 18:42
2 - 19% - 20% - 8:37
3 - 20% - 20% - 8:45
4 - 19% - 20% - 8:32
PP Forward
1 - 53% - 60% - 5:12
2 - 47% - 40% - 4:42
PP Defense
1 - 61% - 60% - 6:01
2 - 39% - 40% - 3:53
PK Forward
1 - 75% - 60% - 3:18
2 - 25% - 40% - 1:05
PK Defense
1 - 67% - 60% - 2:55
2 - 33% - 40% - 1:28
PK3 Forward
1 - 0% - 60%
2 - 0% - 40%
PK3 Defense
1 - 0% - 60%
2 - 0% - 40%
44 Forward
1 - 100% - 60% - 0:21
2 - 0% - 40% - 0:00
44 Defense
1 - 0% - 60% - 0:00
2 - 100% - 40% - 0:21
Last Minute Offensive  - 0:46
Last Minute Defensive  - 0:00
Total
Forward - 60:00
Defense - 60:00

% Time on Ice - Drummondville Voltigeurs

Lines # - Real PCT - Wanted PCT - Time Play
Normal Forward
1 - 29% - 40% - 13:06
2 - 31% - 30% - 14:01
3 - 27% - 20% - 12:07
4 - 12% - 10% - 5:22
Normal Defense
1 - 41% - 40% - 18:15
2 - 35% - 30% - 15:24
3 - 23% - 20% - 10:03
4 - 2% - 10% - 0:54
PP Forward
1 - 58% - 60% - 2:33
2 - 42% - 40% - 1:50
PP Defense
1 - 52% - 60% - 2:18
2 - 48% - 40% - 2:05
PK Forward
1 - 73% - 60% - 7:12
2 - 27% - 40% - 2:42
PK Defense
1 - 56% - 60% - 5:30
2 - 44% - 40% - 4:24
PK3 Forward
1 - 0% - 60%
2 - 0% - 40%
PK3 Defense
1 - 0% - 60%
2 - 0% - 40%
44 Forward
1 - 100% - 60% - 0:21
2 - 0% - 40% - 0:00
44 Defense
1 - 100% - 60% - 0:21
2 - 0% - 40% - 0:00
Last Minute Offensive  - 0:00
Last Minute Defensive  - 0:46
Total
Forward - 60:00
Defense - 60:00

Play-by-Play

1st period


0:01 of 1st period - Cole Sillinger wins face-off versus Isac Lundestrom in neutral zone.
0:04 of 1st period - Ville Heinola is hit by Eetu Luostarinen and loses puck.
0:11 of 1st period - Wrist shot by Mikhail Grigorenko.
0:11 of 1st period - Deflect By Boris Katchouk.
0:11 of 1st period - Shot Misses the Net.
0:11 of 1st period - Puck is out of play.
0:12 of 1st period - Gage Quinney wins face-off versus Gerald Mayhew in Drummondville Voltigeurs zone.
1:08 of 1st period - Andreas Borgman is hit by Boris Katchouk and loses puck.
1:32 of 1st period - Icing by Eetu Luostarinen.
1:33 of 1st period - Gage Quinney wins face-off versus Ryan McLeod in Manitoba Moose zone.
1:34 of 1st period - Snap shot by Julien Gauthier.
1:34 of 1st period - Shot Misses the Net.
2:31 of 1st period - Nicholas Merkley is hit by Guillaume Brisebois and loses puck.
2:48 of 1st period - Slapshot by Urho Vaakanainen.
2:48 of 1st period - Shot Blocked by Ville Heinola.
3:20 of 1st period - Jake Walman is hit by Sampo Ranta and loses puck.
3:25 of 1st period - Snap shot by Quinton Byfield.
3:25 of 1st period - Stopped by Justus Annunen with a rebound.
3:53 of 1st period - Wrist shot by Mikhail Grigorenko.
3:53 of 1st period - Shot Misses the Net.
4:20 of 1st period - Off-side.
4:21 of 1st period - Chase Pearson wins face-off versus Nicholas Merkley in neutral zone.
4:53 of 1st period - Snap shot by Vincent Arseneau.
4:53 of 1st period - Stopped by Arturs Silovs with a rebound.
4:55 of 1st period - Slapshot by Guillaume Brisebois.
4:55 of 1st period - Shot Misses the Net.
5:23 of 1st period - Snap shot by Vincent Arseneau.
5:23 of 1st period - Stopped by Arturs Silovs without a rebound.
5:24 of 1st period - Ryan McLeod wins face-off versus Boris Katchouk in Drummondville Voltigeurs zone.
5:33 of 1st period - Snap shot by Ryan McLeod.
5:33 of 1st period - Shot Misses the Net.
5:35 of 1st period - Slapshot by Victor Mete.
5:35 of 1st period - Stopped by Arturs Silovs with a rebound.
5:37 of 1st period - Slapshot by Urho Vaakanainen.
5:37 of 1st period - Stopped by Arturs Silovs without a rebound.
5:38 of 1st period - Gage Quinney wins face-off versus Sean Malone in Drummondville Voltigeurs zone.
6:03 of 1st period - Gerald Mayhew is hit by Nicholas Merkley and loses puck.
6:12 of 1st period - Boris Katchouk is hit by Gerald Mayhew and loses puck.
6:31 of 1st period - Slapshot by Cole Sillinger.
6:31 of 1st period - Stopped by Arturs Silovs without a rebound.
6:32 of 1st period - Julien Gauthier wins face-off versus Cole Sillinger in Drummondville Voltigeurs zone.
6:53 of 1st period - Minor Penalty to Curtis McKenzie for Cross-checking.
6:54 of 1st period - Ryan McLeod wins face-off versus Boris Katchouk in Drummondville Voltigeurs zone.
7:29 of 1st period - Wrist shot by Gage Quinney.
7:29 of 1st period - Stopped by Justus Annunen with a rebound.
7:57 of 1st period - Snap shot by Gerald Mayhew.
7:57 of 1st period - Stopped by Arturs Silovs with a rebound.
8:11 of 1st period - Snap shot by Gage Quinney.
8:11 of 1st period - Stopped by Justus Annunen with a rebound.
8:13 of 1st period - Slapshot by Markus Niemelainen.
8:13 of 1st period - Deflect By Cole Sillinger.
8:13 of 1st period - Stopped by Justus Annunen without a rebound.
8:14 of 1st period - Ryan McLeod wins face-off versus Boris Katchouk in Manitoba Moose zone.
8:31 of 1st period - Minor Penalty to Jake Walman for Hooking.
8:32 of 1st period - Boris Katchouk wins face-off versus Ryan McLeod in Manitoba Moose zone.
8:35 of 1st period - Snap shot by Boris Katchouk.
8:35 of 1st period - Shot Blocked by Brian Lashoff.
8:53 of 1st period - Penalty to Curtis McKenzie is over, Curtis McKenzie is back on ice.
9:03 of 1st period - Slapshot by Isac Lundestrom.
9:03 of 1st period - Goal by Isac Lundestrom - Manitoba Moose : 0 - Drummondville Voltigeurs : 1.
9:04 of 1st period - Cole Sillinger wins face-off versus Gage Quinney in neutral zone.
9:13 of 1st period - Slapshot by Mikhail Grigorenko.
9:13 of 1st period - Shot Misses the Net.
9:15 of 1st period - Wrist shot by Urho Vaakanainen.
9:15 of 1st period - Shot Misses the Net.
9:17 of 1st period - Wrist shot by Eetu Luostarinen.
9:17 of 1st period - Shot Blocked by Ville Heinola.
9:19 of 1st period - Slapshot by Urho Vaakanainen.
9:19 of 1st period - Shot Misses the Net.
10:11 of 1st period - Urho Vaakanainen is hit by Ian Scheid.
10:29 of 1st period - Wrist shot by Ryan McLeod.
10:29 of 1st period - Shot Blocked by Curtis McKenzie.
10:31 of 1st period - Slapshot by Victor Mete.
10:31 of 1st period - Stopped by Arturs Silovs without a rebound.
10:32 of 1st period - Cole Sillinger wins face-off versus Gage Quinney in Drummondville Voltigeurs zone.
10:43 of 1st period - Wrist shot by Cole Sillinger.
10:43 of 1st period - Shot Blocked by Brady Lyle.
11:11 of 1st period - Minor Penalty to Bode Wilde for Interference.
11:12 of 1st period - Nicholas Merkley wins face-off versus Sean Malone in Manitoba Moose zone.
11:20 of 1st period - Wrist shot by Isac Lundestrom.
11:20 of 1st period - Shot Misses the Net.
11:22 of 1st period - Wrist shot by Isac Lundestrom.
11:22 of 1st period - Shot Misses the Net.
11:24 of 1st period - Wrist shot by Boris Katchouk.
11:24 of 1st period - Shot Misses the Net.
11:26 of 1st period - Wrist shot by Nicholas Merkley.
11:26 of 1st period - Shot Misses the Net.
11:28 of 1st period - Slapshot by Boris Katchouk.
11:28 of 1st period - Shot Misses the Net.
13:01 of 1st period - Andreas Borgman is hit by Boris Katchouk and loses puck.
13:11 of 1st period - Penalty to Bode Wilde is over, Bode Wilde is back on ice.
13:16 of 1st period - Urho Vaakanainen is hit by Kristian Reichel and loses puck.
13:33 of 1st period - Slapshot by Ryan McLeod.
13:33 of 1st period - Shot Misses the Net.
13:35 of 1st period - Slapshot by Urho Vaakanainen.
13:35 of 1st period - Stopped by Arturs Silovs with a rebound.
13:37 of 1st period - Wrist shot by Ryan McLeod.
13:37 of 1st period - Stopped by Arturs Silovs without a rebound.
13:38 of 1st period - Chase Pearson wins face-off versus Jean-Sebastien Dea in Drummondville Voltigeurs zone.
14:14 of 1st period - Snap shot by Gage Quinney.
14:14 of 1st period - Stopped by Justus Annunen with a rebound.
14:32 of 1st period - Wrist shot by Ryan McLeod.
14:32 of 1st period - Stopped by Arturs Silovs without a rebound.
14:33 of 1st period - Gage Quinney wins face-off versus Sean Malone in Drummondville Voltigeurs zone.
14:58 of 1st period - Markus Niemelainen is hit by Eetu Luostarinen and loses puck.
15:25 of 1st period - Backhand shot by Boris Katchouk.
15:25 of 1st period - Shot Blocked by Thomas Schemitsch.
15:44 of 1st period - Wrist shot by Julien Gauthier.
15:44 of 1st period - Stopped by Justus Annunen without a rebound.
15:45 of 1st period - Vincent Arseneau wins face-off versus Gage Quinney in Manitoba Moose zone.
15:56 of 1st period - Wrist shot by Gage Quinney.
15:56 of 1st period - Stopped by Justus Annunen with a rebound.
16:37 of 1st period - Wrist shot by Quinton Byfield.
16:37 of 1st period - Shot Misses the Net.
16:39 of 1st period - Snap shot by Sampo Ranta.
16:39 of 1st period - Stopped by Justus Annunen with a rebound.
16:53 of 1st period - Wrist shot by Curtis McKenzie.
16:53 of 1st period - Shot Blocked by Gerald Mayhew.
18:30 of 1st period - Snap shot by Cole Sillinger.
18:30 of 1st period - Stopped by Arturs Silovs with a rebound.
18:32 of 1st period - Snap shot by Cole Sillinger.
18:32 of 1st period - Shot Misses the Net.
18:34 of 1st period - Slapshot by Brian Lashoff.
18:34 of 1st period - Stopped by Arturs Silovs with a rebound.
18:45 of 1st period - Off-side.
18:46 of 1st period - Jean-Sebastien Dea wins face-off versus Chase Pearson in neutral zone.
18:51 of 1st period - Wrist shot by Boris Katchouk.
18:51 of 1st period - Shot Blocked by Urho Vaakanainen.
18:53 of 1st period - Snap shot by Boris Katchouk.
18:53 of 1st period - Deflect By Jean-Sebastien Dea.
18:53 of 1st period - Shot Misses the Net.
18:53 of 1st period - Puck is out of play.
18:54 of 1st period - Julien Gauthier wins face-off versus Cole Sillinger in Manitoba Moose zone.
19:01 of 1st period - Wrist shot by Julien Gauthier.
19:01 of 1st period - Shot Blocked by Victor Mete.
19:19 of 1st period - Snap shot by Chase Pearson.
19:19 of 1st period - Stopped by Arturs Silovs with a rebound.
19:21 of 1st period - Snap shot by Vincent Arseneau.
19:21 of 1st period - Stopped by Arturs Silovs without a rebound.
19:22 of 1st period - Chase Pearson wins face-off versus Isac Lundestrom in Drummondville Voltigeurs zone.
Goals for this period are 0 for Manitoba Moose vs 1 for Drummondville Voltigeurs.
Shots for this period are 14 for Manitoba Moose vs 9 for Drummondville Voltigeurs.

2nd period


0:01 of 2nd period - Isac Lundestrom wins face-off versus Cole Sillinger in neutral zone.
0:27 of 2nd period - Off-side.
0:28 of 2nd period - Gage Quinney wins face-off versus Sean Malone in neutral zone.
0:42 of 2nd period - Snap shot by Gage Quinney.
0:42 of 2nd period - Shot Misses the Net.
0:44 of 2nd period - Slapshot by Julien Gauthier.
0:44 of 2nd period - Stopped by Justus Annunen with a rebound.
0:54 of 2nd period - Boris Katchouk is hit by Eetu Luostarinen and loses puck.
0:59 of 2nd period - Slapshot by Cole Sillinger.
0:59 of 2nd period - Shot Misses the Net.
1:01 of 2nd period - Slapshot by Victor Mete.
1:01 of 2nd period - Shot Blocked by Nicholas Merkley.
1:37 of 2nd period - Backhand shot by Boris Katchouk.
1:37 of 2nd period - Deflect By Jean-Sebastien Dea.
1:37 of 2nd period - Stopped by Justus Annunen with a rebound.
1:39 of 2nd period - Slapshot by Ville Heinola.
1:39 of 2nd period - Shot Misses the Net.
1:41 of 2nd period - Wrist shot by Ville Heinola.
1:41 of 2nd period - Stopped by Justus Annunen with a rebound.
1:43 of 2nd period - Snap shot by Boris Katchouk.
1:43 of 2nd period - Shot Blocked by Chase Pearson.
1:45 of 2nd period - Slapshot by Simon Holmstrom.
1:45 of 2nd period - Stopped by Justus Annunen with a rebound.
1:55 of 2nd period - Wrist shot by Sean Malone.
1:55 of 2nd period - Stopped by Arturs Silovs with a rebound.
1:57 of 2nd period - Slapshot by Urho Vaakanainen.
1:57 of 2nd period - Stopped by Arturs Silovs without a rebound.
1:58 of 2nd period - Sean Malone wins face-off versus Curtis McKenzie in Drummondville Voltigeurs zone.
1:59 of 2nd period - Snap shot by Cole Koepke.
1:59 of 2nd period - Stopped by Arturs Silovs without a rebound.
2:00 of 2nd period - Sean Malone wins face-off versus Boris Katchouk in Drummondville Voltigeurs zone.
2:34 of 2nd period - Wrist shot by Sampo Ranta.
2:34 of 2nd period - Shot Misses the Net.
2:36 of 2nd period - Wrist shot by Sampo Ranta.
2:36 of 2nd period - Shot Misses the Net.
2:38 of 2nd period - Wrist shot by Sampo Ranta.
2:38 of 2nd period - Stopped by Justus Annunen with a rebound.
2:48 of 2nd period - Gage Quinney is hit by Mikhail Grigorenko and loses puck.
3:11 of 2nd period - Slapshot by Urho Vaakanainen.
3:11 of 2nd period - Stopped by Arturs Silovs with a rebound.
3:13 of 2nd period - Snap shot by Urho Vaakanainen.
3:13 of 2nd period - Stopped by Arturs Silovs with a rebound.
3:15 of 2nd period - Wrist shot by Vincent Arseneau.
3:15 of 2nd period - Shot Misses the Net.
3:33 of 2nd period - Urho Vaakanainen is hit by Nicholas Merkley.
3:49 of 2nd period - Shane Gersich is hit by Isac Lundestrom and loses puck.
4:06 of 2nd period - Wrist shot by Ryan McLeod.
4:06 of 2nd period - Stopped by Arturs Silovs with a rebound.
4:24 of 2nd period - Wrist shot by Boris Katchouk.
4:24 of 2nd period - Shot Misses the Net.
4:26 of 2nd period - Slapshot by Ville Heinola.
4:26 of 2nd period - Deflect By Boris Katchouk.
4:26 of 2nd period - Goal by Boris Katchouk - Manitoba Moose : 0 - Drummondville Voltigeurs : 2.
4:27 of 2nd period - Gage Quinney wins face-off versus Cole Sillinger in neutral zone.
5:20 of 2nd period - Minor Penalty to Seth Helgeson for Hooking.
5:21 of 2nd period - Mikhail Grigorenko wins face-off versus Boris Katchouk in Drummondville Voltigeurs zone.
5:25 of 2nd period - Wrist shot by Ryan McLeod.
5:25 of 2nd period - Shot Blocked by Ville Heinola.
5:27 of 2nd period - Snap shot by Eetu Luostarinen.
5:27 of 2nd period - Shot Blocked by Boris Katchouk.
5:29 of 2nd period - Wrist shot by Eetu Luostarinen.
5:29 of 2nd period - Stopped by Arturs Silovs with a rebound.
5:33 of 2nd period - Wrist shot by Mikhail Grigorenko.
5:33 of 2nd period - Shot Misses the Net.
5:55 of 2nd period - Wrist shot by Cole Sillinger.
5:55 of 2nd period - Stopped by Arturs Silovs without a rebound.
5:56 of 2nd period - Gage Quinney wins face-off versus Gerald Mayhew in Drummondville Voltigeurs zone.
6:24 of 2nd period - Wrist shot by Isac Lundestrom.
6:24 of 2nd period - Stopped by Justus Annunen with a rebound.
6:52 of 2nd period - Eetu Luostarinen is hit by Ville Heinola and loses puck.
7:20 of 2nd period - Penalty to Seth Helgeson is over, Seth Helgeson is back on ice.
8:13 of 2nd period - Snap shot by Quinton Byfield.
8:13 of 2nd period - Stopped by Justus Annunen without a rebound.
8:14 of 2nd period - Isac Lundestrom wins face-off versus Cole Sillinger in Manitoba Moose zone.
8:26 of 2nd period - Double Minor Penalty to Eetu Luostarinen for Roughing.
8:27 of 2nd period - Isac Lundestrom wins face-off versus Sean Malone in Manitoba Moose zone.
8:31 of 2nd period - Wrist shot by Nicholas Merkley.
8:31 of 2nd period - Shot Blocked by Thomas Schemitsch.
8:33 of 2nd period - Wrist shot by Ville Heinola.
8:33 of 2nd period - Shot Blocked by Sean Malone.
8:35 of 2nd period - Snap shot by Isac Lundestrom.
8:35 of 2nd period - Stopped by Justus Annunen with a rebound.
8:59 of 2nd period - Snap shot by Julien Gauthier.
8:59 of 2nd period - Shot Blocked by Chase Pearson.
9:01 of 2nd period - Slapshot by Ville Heinola.
9:01 of 2nd period - Shot Hit the Post.
10:34 of 2nd period - Sean Malone is hit by Sampo Ranta and loses puck.
10:39 of 2nd period - Wrist shot by Quinton Byfield.
10:39 of 2nd period - Goal by Quinton Byfield - Manitoba Moose : 0 - Drummondville Voltigeurs : 3.
10:40 of 2nd period - Quinton Byfield wins face-off versus Cole Sillinger in neutral zone.
11:05 of 2nd period - Victor Mete is hit by Nicholas Merkley and loses puck.
11:30 of 2nd period - Chase Pearson is hit by Ville Heinola and loses puck.
12:13 of 2nd period - Snap shot by Mikhail Grigorenko.
12:13 of 2nd period - Stopped by Arturs Silovs without a rebound.
12:14 of 2nd period - Gage Quinney wins face-off versus Eetu Luostarinen in Drummondville Voltigeurs zone.
12:26 of 2nd period - Snap shot by Cole Sillinger.
12:26 of 2nd period - Shot Blocked by Gage Quinney.
13:24 of 2nd period - Icing by Ian Scheid.
13:25 of 2nd period - Ryan McLeod wins face-off versus Jean-Sebastien Dea in Drummondville Voltigeurs zone.
14:24 of 2nd period - Snap shot by Cole Koepke.
14:24 of 2nd period - Stopped by Arturs Silovs with a rebound.
14:26 of 2nd period - Wrist shot by Sean Malone.
14:26 of 2nd period - Deflect By Cole Koepke.
14:26 of 2nd period - Stopped by Arturs Silovs with a rebound.
15:01 of 2nd period - Minor Penalty to Julien Gauthier for Slashing.
15:02 of 2nd period - Ryan McLeod wins face-off versus Boris Katchouk in Drummondville Voltigeurs zone.
15:35 of 2nd period - Wrist shot by Cole Sillinger.
15:35 of 2nd period - Shot Blocked by Brady Lyle.
15:41 of 2nd period - Gerald Mayhew is hit by Nicholas Merkley and loses puck.
17:01 of 2nd period - Penalty to Julien Gauthier is over, Julien Gauthier is back on ice.
17:02 of 2nd period - Ian Scheid is hit by Daniel Walcott and loses puck.
17:09 of 2nd period - Snap shot by Sean Malone.
17:09 of 2nd period - Shot Misses the Net.
17:25 of 2nd period - Ian Scheid is hit by Cole Koepke.
17:37 of 2nd period - Scott Sabourin is hit by Mitchell Chaffee and loses puck.
18:01 of 2nd period - Daniel Walcott is hit by Simon Holmstrom and loses puck.
18:57 of 2nd period - Icing by Nicholas Merkley.
18:58 of 2nd period - Chase Pearson wins face-off versus Jean-Sebastien Dea in Drummondville Voltigeurs zone.
18:59 of 2nd period - Snap shot by Daniel Walcott.
18:59 of 2nd period - Stopped by Arturs Silovs without a rebound.
19:00 of 2nd period - Chase Pearson wins face-off versus Jean-Sebastien Dea in Drummondville Voltigeurs zone.
19:23 of 2nd period - Slapshot by Chase Pearson.
19:23 of 2nd period - Shot Misses the Net.
19:33 of 2nd period - Snap shot by Cole Sillinger.
19:33 of 2nd period - Shot Misses the Net.
19:35 of 2nd period - Slapshot by Eetu Luostarinen.
19:35 of 2nd period - Goal by Eetu Luostarinen - Manitoba Moose : 1 - Drummondville Voltigeurs : 3.
19:36 of 2nd period - Cole Sillinger wins face-off versus Isac Lundestrom in neutral zone.
Goals for this period are 1 for Manitoba Moose vs 2 for Drummondville Voltigeurs.
Shots for this period are 13 for Manitoba Moose vs 10 for Drummondville Voltigeurs.

3rd period


0:01 of 3rd period - Isac Lundestrom wins face-off versus Cole Sillinger in neutral zone.
0:26 of 3rd period - Gage Quinney is hit by Ryan McLeod and loses puck.
0:35 of 3rd period - Snap shot by Ryan McLeod.
0:35 of 3rd period - Shot Blocked by Ville Heinola.
0:37 of 3rd period - Slapshot by Jake Walman.
0:37 of 3rd period - Stopped by Arturs Silovs with a rebound.
0:55 of 3rd period - Wrist shot by Mitchell Chaffee.
0:55 of 3rd period - Shot Misses the Net.
0:57 of 3rd period - Snap shot by Quinton Byfield.
0:57 of 3rd period - Stopped by Justus Annunen with a rebound.
0:59 of 3rd period - Wrist shot by Quinton Byfield.
0:59 of 3rd period - Shot Blocked by Jake Walman.
1:09 of 3rd period - Snap shot by Boris Katchouk.
1:09 of 3rd period - Shot Misses the Net.
1:11 of 3rd period - Slapshot by Jean-Sebastien Dea.
1:11 of 3rd period - Stopped by Justus Annunen with a rebound.
1:13 of 3rd period - Slapshot by Ian Scheid.
1:13 of 3rd period - Deflect By Sean Malone.
1:13 of 3rd period - Stopped by Justus Annunen without a rebound.
1:14 of 3rd period - Jean-Sebastien Dea wins face-off versus Cole Sillinger in Manitoba Moose zone.
1:39 of 3rd period - Curtis McKenzie is hit by Gerald Mayhew and loses puck.
1:49 of 3rd period - Icing by Julien Gauthier.
1:50 of 3rd period - Chase Pearson wins face-off versus Gage Quinney in Drummondville Voltigeurs zone.
2:43 of 3rd period - Snap shot by Quinton Byfield.
2:43 of 3rd period - Goal by Quinton Byfield - Manitoba Moose : 1 - Drummondville Voltigeurs : 4.
2:44 of 3rd period - Isac Lundestrom wins face-off versus Cole Sillinger in neutral zone.
3:49 of 3rd period - Vincent Arseneau is hit by Simon Holmstrom and loses puck.
4:06 of 3rd period - Julien Gauthier is hit by Cole Sillinger and loses puck.
4:15 of 3rd period - Wrist shot by Mikhail Grigorenko.
4:15 of 3rd period - Shot Misses the Net.
4:45 of 3rd period - Mitchell Chaffee is hit by Urho Vaakanainen and loses puck.
5:03 of 3rd period - Snap shot by Mitchell Chaffee.
5:03 of 3rd period - Shot Misses the Net.
5:05 of 3rd period - Slapshot by Mitchell Chaffee.
5:05 of 3rd period - Shot Hit the Post.
5:07 of 3rd period - Snap shot by Sampo Ranta.
5:07 of 3rd period - Shot Misses the Net.
5:09 of 3rd period - Slapshot by Markus Niemelainen.
5:09 of 3rd period - Stopped by Justus Annunen with a rebound.
5:11 of 3rd period - Wrist shot by Mitchell Chaffee.
5:11 of 3rd period - Shot Blocked by Bode Wilde.
5:13 of 3rd period - Slapshot by Mitchell Chaffee.
5:13 of 3rd period - Shot Misses the Net.
5:15 of 3rd period - Snap shot by Ian Scheid.
5:15 of 3rd period - Shot Blocked by Guillaume Brisebois.
5:17 of 3rd period - Slapshot by Markus Niemelainen.
5:17 of 3rd period - Deflect By Sampo Ranta.
5:17 of 3rd period - Shot Misses the Net.
5:17 of 3rd period - Puck is out of play.
5:18 of 3rd period - Isac Lundestrom wins face-off versus Cole Sillinger in Manitoba Moose zone.
5:22 of 3rd period - Icing by Victor Mete.
5:23 of 3rd period - Cole Sillinger wins face-off versus Isac Lundestrom in Manitoba Moose zone.
5:31 of 3rd period - Minor Penalty to Brady Lyle for Hooking.
5:32 of 3rd period - Ryan McLeod wins face-off versus Boris Katchouk in Drummondville Voltigeurs zone.
6:48 of 3rd period - Brian Lashoff is hit by Gage Quinney and loses puck.
7:20 of 3rd period - Icing by Gerald Mayhew.
7:21 of 3rd period - Cole Sillinger wins face-off versus Jean-Sebastien Dea in Manitoba Moose zone.
7:31 of 3rd period - Penalty to Brady Lyle is over, Brady Lyle is back on ice.
8:14 of 3rd period - Slapshot by Victor Mete.
8:14 of 3rd period - Deflect By Chase Pearson.
8:14 of 3rd period - Shot Misses the Net.
8:14 of 3rd period - Puck is out of play.
8:15 of 3rd period - Isac Lundestrom wins face-off versus Chase Pearson in Drummondville Voltigeurs zone.
8:40 of 3rd period - Wrist shot by Julien Gauthier.
8:40 of 3rd period - Stopped by Justus Annunen without a rebound.
8:41 of 3rd period - Gage Quinney wins face-off versus Sean Malone in Manitoba Moose zone.
8:48 of 3rd period - Wrist shot by Gage Quinney.
8:48 of 3rd period - Stopped by Justus Annunen with a rebound.
8:50 of 3rd period - Wrist shot by Curtis McKenzie.
8:50 of 3rd period - Deflect By Gage Quinney.
8:50 of 3rd period - Shot Misses the Net.
8:50 of 3rd period - Puck is out of play.
8:51 of 3rd period - Cole Sillinger wins face-off versus Isac Lundestrom in Manitoba Moose zone.
9:24 of 3rd period - Snap shot by Ryan McLeod.
9:24 of 3rd period - Shot Blocked by Brady Lyle.
9:57 of 3rd period - Cameron York is hit by Vincent Arseneau.
10:47 of 3rd period - Slapshot by Ryan McLeod.
10:47 of 3rd period - Stopped by Arturs Silovs without a rebound.
10:48 of 3rd period - Cole Sillinger wins face-off versus Sampo Ranta in Drummondville Voltigeurs zone.
11:27 of 3rd period - Cole Koepke is hit by Mitchell Chaffee and loses puck.
11:37 of 3rd period - Off-side.
11:38 of 3rd period - Isac Lundestrom wins face-off versus Cole Sillinger in neutral zone.
12:08 of 3rd period - Seth Helgeson is hit by Jake Walman and loses puck.
12:25 of 3rd period - Wrist shot by Boris Katchouk.
12:25 of 3rd period - Shot Misses the Net.
12:27 of 3rd period - Slapshot by Ville Heinola.
12:27 of 3rd period - Stopped by Justus Annunen with a rebound.
13:04 of 3rd period - Minor Penalty to Quinton Byfield for Holding.
13:05 of 3rd period - Ryan McLeod wins face-off versus Boris Katchouk in Drummondville Voltigeurs zone.
13:05 of 3rd period - Snap shot by Mikhail Grigorenko.
13:05 of 3rd period - Shot Misses the Net.
13:13 of 3rd period - Wrist shot by Mikhail Grigorenko.
13:13 of 3rd period - Stopped by Arturs Silovs with a rebound.
13:15 of 3rd period - Slapshot by Eetu Luostarinen.
13:15 of 3rd period - Shot Misses the Net.
13:17 of 3rd period - Snap shot by Eetu Luostarinen.
13:17 of 3rd period - Shot Misses the Net.
13:19 of 3rd period - Snap shot by Mikhail Grigorenko.
13:19 of 3rd period - Shot Blocked by Ian Scheid.
13:46 of 3rd period - Wrist shot by Gage Quinney.
13:46 of 3rd period - Shot Blocked by Urho Vaakanainen.
13:52 of 3rd period - Gerald Mayhew is hit by Brady Lyle and loses puck.
13:56 of 3rd period - Icing by Gerald Mayhew.
13:57 of 3rd period - Cole Sillinger wins face-off versus Boris Katchouk in Manitoba Moose zone.
14:04 of 3rd period - Markus Niemelainen is hit by Gerald Mayhew and loses puck.
14:33 of 3rd period - Snap shot by Mikhail Grigorenko.
14:33 of 3rd period - Stopped by Arturs Silovs with a rebound.
15:04 of 3rd period - Penalty to Quinton Byfield is over, Quinton Byfield is back on ice.
16:04 of 3rd period - Quinton Byfield is hit by Vincent Arseneau and loses puck.
16:37 of 3rd period - Wrist shot by Mikhail Grigorenko.
16:37 of 3rd period - Shot Misses the Net.
16:51 of 3rd period - Minor Penalty to Boris Katchouk for Hooking.
16:52 of 3rd period - Ryan McLeod wins face-off versus Jean-Sebastien Dea in Drummondville Voltigeurs zone.
16:53 of 3rd period - Wrist shot by Mikhail Grigorenko.
16:53 of 3rd period - Shot Misses the Net.
16:55 of 3rd period - Wrist shot by Urho Vaakanainen.
16:55 of 3rd period - Shot Misses the Net.
16:57 of 3rd period - Snap shot by Eetu Luostarinen.
16:57 of 3rd period - Goal by Eetu Luostarinen - Manitoba Moose : 2 - Drummondville Voltigeurs : 4.
16:58 of 3rd period - Isac Lundestrom wins face-off versus Chase Pearson in neutral zone.
17:01 of 3rd period - Snap shot by Boris Katchouk.
17:01 of 3rd period - Stopped by Justus Annunen with a rebound.
17:07 of 3rd period - Slapshot by Victor Mete.
17:07 of 3rd period - Stopped by Arturs Silovs without a rebound.
17:08 of 3rd period - Isac Lundestrom wins face-off versus Daniel Walcott in Drummondville Voltigeurs zone.
17:08 of 3rd period - Isac Lundestrom is hit by Urho Vaakanainen.
17:24 of 3rd period - Snap shot by Nicholas Merkley.
17:24 of 3rd period - Stopped by Justus Annunen with a rebound.
17:56 of 3rd period - Wrist shot by Boris Katchouk.
17:56 of 3rd period - Shot Blocked by Victor Mete.
18:20 of 3rd period - Snap shot by Chase Pearson.
18:20 of 3rd period - Deflect By Isac Lundestrom.
18:20 of 3rd period - Shot Misses the Net.
18:20 of 3rd period - Puck is out of play.
18:21 of 3rd period - Gage Quinney wins face-off versus Sean Malone in Drummondville Voltigeurs zone.
18:25 of 3rd period - Off-side.
18:26 of 3rd period - Sean Malone wins face-off versus Gage Quinney in neutral zone.
18:31 of 3rd period - Wrist shot by Sean Malone.
18:31 of 3rd period - Stopped by Arturs Silovs without a rebound.
18:32 of 3rd period - Gage Quinney wins face-off versus Sean Malone in Drummondville Voltigeurs zone.
18:59 of 3rd period - Wrist shot by Cole Sillinger.
18:59 of 3rd period - Goal by Cole Sillinger - Manitoba Moose : 3 - Drummondville Voltigeurs : 4.
19:00 of 3rd period - Isac Lundestrom wins face-off versus Chase Pearson in neutral zone.
19:05 of 3rd period - Slapshot by Boris Katchouk.
19:05 of 3rd period - Stopped by Justus Annunen with a rebound.
19:07 of 3rd period - Snap shot by Brady Lyle.
19:07 of 3rd period - Shot Blocked by Vincent Arseneau.
19:15 of 3rd period - Manitoba Moose, Justus Annunen is pulled from the net.
19:19 of 3rd period - Snap shot by Mikhail Grigorenko.
19:19 of 3rd period - Stopped by Arturs Silovs with a rebound.
19:21 of 3rd period - Snap shot by Chase Pearson.
19:21 of 3rd period - Stopped by Arturs Silovs with a rebound.
19:23 of 3rd period - Wrist shot by Urho Vaakanainen.
19:23 of 3rd period - Stopped by Arturs Silovs with a rebound.
19:30 of 3rd period - Snap shot by Mikhail Grigorenko.
19:30 of 3rd period - Shot Misses the Net.
19:32 of 3rd period - Wrist shot by Victor Mete.
19:32 of 3rd period - Stopped by Arturs Silovs with a rebound.
19:34 of 3rd period - Wrist shot by Victor Mete.
19:34 of 3rd period - Stopped by Arturs Silovs with a rebound.
19:36 of 3rd period - Snap shot by Vincent Arseneau.
19:36 of 3rd period - Stopped by Arturs Silovs without a rebound.
19:37 of 3rd period - Mike Babcock call a timeout for Manitoba Moose.
19:37 of 3rd period - Chase Pearson wins face-off versus Isac Lundestrom in Drummondville Voltigeurs zone.
19:45 of 3rd period - Minor Penalty to Ville Heinola for High sticking.
19:46 of 3rd period - Ryan McLeod wins face-off versus Boris Katchouk in Drummondville Voltigeurs zone.
19:57 of 3rd period - Off-side.
19:58 of 3rd period - Ryan McLeod wins face-off versus Boris Katchouk in neutral zone.
Goals for this period are 2 for Manitoba Moose vs 1 for Drummondville Voltigeurs.
Shots for this period are 14 for Manitoba Moose vs 11 for Drummondville Voltigeurs.